 Dungeon Crawl Stone Soup version 0.31.0-11-ge490571c62 (webtiles) character file.

Game seed: 14857559333610941449

809 qw the Skirmisher (level 7, -7/40 HPs)
             Began as a Deep Elf Hunter on Feb 5, 2024.
             Mangled by a gnoll sergeant
             ... wielding a +0 trident
              (10 damage)
             ... on level 5 of the Dungeon.
             The game lasted 00:01:31 (3842 turns).

qw the Skirmisher (Deep Elf Hunter)                 Turns: 3842, Time: 00:01:32

Health: -7/40      AC:  6    Str: 16    XL:     7   Next: 61%
Magic:  9/9        EV: 12    Int: 14    God:
Gold:   232        SH:  0    Dex: 18    Spells: 6/6 levels left

rFire   . . .        a - +0 shortbow (heavy)
rCold   . . .        (shield currently unavailable)
rNeg    . . .        e - +0 ring mail
rPois   .            (no helmet)
rElec   .            (no cloak)
rCorr   .            (no gloves)
SInv    .            i - +0 pair of boots
Will    .....        (no amulet)
Stlth   +            b - +6 ring of strength
HPRegen 0.26/turn    (no ring)
MPRegen 0.11/turn

%: no passive effects
@: no status effects
A: no striking features
a: no special abilities


You were on level 5 of the Dungeon.
You visited 2 branches of the dungeon, and saw 7 of its levels.

You collected 232 gold pieces.


   Skills:
 - Level 2.7 Fighting
 - Level 11.3 Ranged Weapons
 - Level 1.2 Armour
 + Level 3.0 Dodging
 - Level 1.2 Stealth


You had 6 spell levels left.
You didn't know any spells.
Your spell library was empty.

Inventory:

Hand Weapons
 a - a +0 heavy shortbow (weapon)
Armour
 e - a +0 ring mail (worn)
 i - a +0 pair of boots (worn)
Jewellery
 b - a +6 ring of strength (left hand)
Scrolls
 c - a scroll of brand weapon
Potions
 f - 2 potions of mutation
 g - a potion of brilliance {unknown}
 k - a potion of lignification {unknown}

Dungeon Overview and Level Annotations

Branches:
Dungeon (6/15)             Temple (1/1) D:5

Altars:
Ashenzari
Cheibriados
Dithmenos
Elyvilon
Fedhas
Gozag
Hepliaklqana
Kikubaaqudgha
Makhleb
Nemelex Xobeh
Qazlal
Ru
Trog
Vehumet
Wu Jian
Yredelemnul
Zin
The Shining One

Annotations:
D:4 1 transporter, 1 runed translucent door, Crazy Yiuf


Message History

You open the large door.
A sleepcap and a gnoll sergeant come into view.
The gnoll sergeant shouts!
Found a falchion.
You shoot an arrow. The arrow hits the gnoll sergeant.
The gnoll sergeant is lightly wounded.
The gnoll sergeant barely misses you.
You shoot an arrow.
The arrow barely misses the gnoll sergeant.
The gnoll sergeant misses you.
You shoot an arrow.
The arrow hits the sleepcap but does no damage.
The sleepcap closely misses you.
The gnoll sergeant hits you from afar with a +0 trident.
You shoot an arrow. The arrow hits the sleepcap.
The sleepcap is lightly damaged.
The sleepcap barely misses you. The gnoll sergeant closely misses you.
The sleepcap barely misses you. The gnoll sergeant closely misses you.
You shoot an arrow. The arrow hits the sleepcap!
The sleepcap is severely damaged.
The sleepcap closely misses you.
The gnoll sergeant hits you from afar with a +0 trident.
You shoot an arrow. The arrow hits the sleepcap!
You destroy the sleepcap!
The gnoll sergeant closely misses you.
Your Armour skill increases to level 1!
You shoot an arrow. The arrow hits the gnoll sergeant!
The gnoll sergeant is heavily wounded.
The gnoll sergeant barely misses you.
The gnoll sergeant hits you from afar with a +0 trident!
You shoot an arrow. The arrow hits the gnoll sergeant.
The gnoll sergeant is severely wounded.
The gnoll sergeant hits you from afar with a +0 trident!
You shoot an arrow.
The arrow completely misses the gnoll sergeant.
The gnoll sergeant hits you from afar with a +0 trident.
You shoot an arrow.
The arrow barely misses the gnoll sergeant.
The gnoll sergeant hits you from afar with a +0 trident! x2
You die...

#........ ~##....# #.....#.#
##.....# #########.#.#
..)...###.........#.#
.....#.#.###.....#.#
....#.#.###.###.#.#
.g.#..[...........
~##########''#...###.###.#.#
...........@.##..# #.# #.#.#
.......#....###..###.###.#.#
.......#....# #.......##.#.#
...#........####.#....##.#.#
...................#.#....##.#.#
#......#........##.#.#....##.#.#
#......#........# .#.#..........
#......#....##### .#.###.###....
#......#....######.#.# #..##..##


You could see a gnoll sergeant.

Vanquished Creatures
  Eustachio (D:5)
  An ogre (D:6)
  3 scorpions
  3 bombardier beetles (D:3)
  A hound (D:4)
  2 orc priests
  An iguana (D:3)
  A sleepcap (D:5)
  7 adders
  4 dart slugs
  4 ribbon worms
  5 orcs
  6 endoplasms
  3 giant cockroaches
  9 goblins
  4 hobgoblins
  2 jackals (D:1)
  4 quokkas
  10 ball pythons
  13 bats
  4 frilled lizards
  2 kobolds
  5 rats
95 creatures vanquished.

Notes
Turn   | Place    | Note
-------+----------+-------------------------------------------
     0 | D:1      | qw the Deep Elf Hunter began the quest for the Orb.
     0 | D:1      | Reached XP level 1. HP: 12/12 MP: 3/3
     0 | D:1      | 0 ||| qw: Version: 0.3-a-160-g6735b56
     0 | D:1      | 0 ||| qw: Game counter: 6193
     0 | D:1      | 0 ||| qw: Melee chars always use a shield: true
     0 | D:1      | 0 ||| qw: God list: Okawaru
     0 | D:1      | 0 ||| qw: Allow faded altars: false
     0 | D:1      | 0 ||| qw: Do Orc after clearing Dungeon:15 true
     0 | D:1      | 0 ||| qw: Do second Lair branch before Depths: true
     0 | D:1      | 0 ||| qw: Lair rune preference: random
     0 | D:1      | 0 ||| qw: Goals: Normal
     0 | D:1      | 0 ||| PLANNING D:1-11
    89 | D:1      | Reached XP level 2. HP: 16/16 MP: 4/4
   103 | D:1      | Reached skill level 6 in Ranged Weapons
   315 | D:1      | Reached XP level 3. HP: 20/20 MP: 5/5
   698 | D:1      | 698 ||| READING scroll labelled DELEVU DETRISM.
   699 | D:1      | 699 ||| READING scroll labelled UTRIROU ILUIJ.
   703 | D:1      | 703 ||| DROPPING scroll of butterflies.
   812 | D:2      | Reached skill level 7 in Ranged Weapons
  1403 | D:2      | 1403 ||| UPGRADING to +0 pair of boots.
  1408 | D:2      | 1408 ||| UPGRADING to +6 ring of strength.
  1409 | D:2      | 1409 ||| READING scroll labelled ARCHAX WUGRIRIE.
  1410 | D:2      | 1410 ||| READING scroll labelled GUCYWNAZXU.
  1410 | D:2      | 1410 ||| IDENTIFYING viscous red potion
  1467 | D:3      | Reached XP level 4. HP: 25/25 MP: 6/6
  1522 | D:3      | Reached skill level 8 in Ranged Weapons
  1583 | D:3      | Reached skill level 3 in Dodging
  1952 | D:3      | Reached XP level 5. HP: 28/29 MP: 7/7
  1982 | D:3      | Reached skill level 9 in Ranged Weapons
  2201 | D:3      | 2201 ||| READING scroll of identify.
  2201 | D:3      | 2201 ||| IDENTIFYING clear potion
  2202 | D:3      | 2202 ||| DROPPING potion of attraction.
  2233 | D:4      | You fall into a shaft and drop 2 floors!
  2332 | D:6      | Noticed an ogre
  2339 | D:6      | Killed an ogre
  2340 | D:6      | Reached XP level 6. HP: 36/36 MP: 8/8
  2342 | D:6      | 2342 ||| UPGRADING to +0 ring mail.
  2352 | D:6      | 2352 ||| DROPPING +0 leather armour.
  2353 | D:6      | 2353 ||| READING scroll of identify.
  2353 | D:6      | 2353 ||| IDENTIFYING fizzy orange potion
  2362 | D:5      | Entered Level 5 of the Dungeon
  2409 | D:4      | Found a sparkling altar of Nemelex Xobeh.
  2409 | D:4      | Found a transporter.
  2630 | D:4      | HP: 9/36 [scorpion (4)]
  2631 | D:4      | 2631 ||| READING scroll of teleportation.
  2632 | D:4      | 2632 ||| DRINKING potion of heal wounds.
  2770 | D:4      | Reached skill level 10 in Ranged Weapons
  2895 | D:4      | Reached XP level 7. HP: 30/40 MP: 9/9
  2900 | D:4      | HP: 9/40 [poisoned by a scorpion]
  2905 | D:4      | HP: 5/40 [poisoned by a scorpion]
  3156 | D:4      | 3156 ||| FLEEEEING.
  3159 | D:4      | 3159 ||| FLEEEEING.
  3160 | D:4      | 3160 ||| FLEEEEING.
  3161 | D:4      | 3161 ||| FLEEEEING.
  3162 | D:4      | 3162 ||| FLEEEEING.
  3163 | D:4      | 3163 ||| FLEEEEING.
  3164 | D:4      | 3164 ||| FLEEEEING.
  3165 | D:4      | 3165 ||| FLEEEEING.
  3166 | D:4      | 3166 ||| FLEEEEING.
  3167 | D:4      | 3167 ||| FLEEEEING.
  3168 | D:4      | 3168 ||| FLEEEEING.
  3169 | D:4      | 3169 ||| FLEEEEING.
  3170 | D:4      | 3170 ||| FLEEEEING.
  3171 | D:4      | 3171 ||| FLEEEEING.
  3172 | D:4      | 3172 ||| FLEEEEING.
  3173 | D:4      | 3173 ||| FLEEEEING.
  3174 | D:4      | 3174 ||| FLEEEEING.
  3175 | D:4      | 3175 ||| FLEEEEING.
  3176 | D:4      | 3176 ||| FLEEEEING.
  3177 | D:4      | 3177 ||| FLEEEEING.
  3178 | D:4      | 3178 ||| FLEEEEING.
  3179 | D:4      | 3179 ||| FLEEEEING.
  3180 | D:4      | 3180 ||| FLEEEEING.
  3181 | D:4      | 3181 ||| FLEEEEING.
  3182 | D:4      | 3182 ||| FLEEEEING.
  3183 | D:4      | 3183 ||| FLEEEEING.
  3184 | D:4      | 3184 ||| FLEEEEING.
  3185 | D:4      | 3185 ||| FLEEEEING.
  3186 | D:4      | 3186 ||| FLEEEEING.
  3187 | D:4      | 3187 ||| FLEEEEING.
  3188 | D:4      | 3188 ||| FLEEEEING.
  3189 | D:4      | 3189 ||| FLEEEEING.
  3190 | D:4      | 3190 ||| FLEEEEING.
  3191 | D:4      | 3191 ||| FLEEEEING.
  3192 | D:4      | 3192 ||| STAIRDANCE
  3267 | D:3      | 3267 ||| READING 2 scrolls labelled XYRYPAG DIAGIV.
  3267 | D:3      | 3267 ||| BRANDING +0 shortbow.
  3268 | D:3      | 3268 ||| READING scroll labelled ZITULUHEEXO.
  3269 | D:3      | 3269 ||| READING scroll labelled SEULLI DIEPREL.
  3272 | D:4      | 3272 ||| STAIRDANCE
  3284 | D:4      | 3284 ||| STAIRDANCE
  3416 | D:4      | Found a runed translucent door.
  3416 | D:4      | Identified the +6 hammer of the Blind Eye {heavy, Fly Will-
                  | SInv}
  3417 | D:4      | Noticed Crazy Yiuf
  3468 | D:5      | Identified the +8 chain mail "Aryr" {rElec Regen+ Dex-3
                  | Slay+3}
  3528 | D:5      | Found a staircase to the Ecumenical Temple.
  3529 | D:5      | 3529 ||| PLANNING TEMPLE
  3537 | Temple   | Found a transporter.
  3537 | Temple   | Found a transporter.
  3537 | Temple   | Found a transporter.
  3537 | Temple   | Found a transporter.
  3537 | Temple   | Entered the Ecumenical Temple
  3538 | Temple   | 3538 ||| PLANNING D:1-11
  3626 | D:5      | Noticed Eustachio
  3627 | D:5      | 3627 ||| RETREEEEATING.
  3628 | D:5      | 3628 ||| RETREEEEATING.
  3629 | D:5      | 3629 ||| RETREEEEATING.
  3631 | D:5      | 3631 ||| RETREEEEATING.
  3634 | D:5      | 3634 ||| RETREEEEATING.
  3636 | D:5      | 3636 ||| RETREEEEATING.
  3637 | D:5      | 3637 ||| RETREEEEATING.
  3638 | D:5      | 3638 ||| RETREEEEATING.
  3639 | D:5      | 3639 ||| RETREEEEATING.
  3640 | D:5      | 3640 ||| RETREEEEATING.
  3641 | D:5      | 3641 ||| RETREEEEATING.
  3645 | D:5      | HP: 8/40 [Eustachio/+0 rapier of electrocution (19)]
  3646 | D:5      | Killed Eustachio
  3647 | D:5      | Reached skill level 11 in Ranged Weapons
  3839 | D:5      | Reached skill level 1 in Armour
  3842 | D:5      | HP: 3/40 [gnoll sergeant/+0 trident (11)]
  3842 | D:5      | Mangled by a gnoll sergeant

Levels and vault maps discovered:
D:1:      dpeg_arrival_arbitrary_c, layout_loops_ring
D:2:      layout_basic, minmay_crystal_room
D:3:      wander_river, layout_loops_ring, minmay_fractal_squares_5
D:4:      layout_cave_pools, grunt_nemelex_the_gamble, roderic_roman_lattice,
          uniq_crazy_yiuf_cottage
D:5:      layout_basic, okawaru_ov_weapons_minmay, minmay_temple_entry_grid,
          kennysheep_opposing_triangles, uniq_eustachio, uniq_sigmund,
          uniq_blork_the_orc
D:6:      layout_basic, mainiacjoe_overflow_boulevard, kennysheep_windowed_goal
Temple:   hellmonk_temple_divided_pantheon

Skill      XL: |  1  2  3  4  5  6  7 |
---------------+----------------------+-----
Ranged Weapons | 6 7 8 9 10 11 | 11.3
Dodging        | 3 |  3.0
Fighting       | 2 |  2.7
Armour         | 1 |  1.2
Stealth        | |  1.2

Action                     |  1- 3 |  4- 6 |  7- 9 || total
---------------------------+-------+-------+-------++-------
   Fire: Shortbow          |   148 |   154 |    37 ||   339
    Use: Scroll            |     4 |     3 |     3 ||    10
         Potion            |       |     1 |       ||     1
 Armour: Leather armour    |    42 |    18 |       ||    60
         Ring mail         |       |    29 |    36 ||    65
  Dodge: Dodged            |    54 |    45 |    33 ||   132

Table legend:
 A = Non-vault XP
 B = Vault XP
 C = Vault XP percentage of total XP
 D = Non-vault monster count
 E = Vault monster count
 F = Vault count percentage of total count
                 A         B        C        D         E       F
            +---------+---------+-------+---------+---------+-------
      Total |     781 |     376 |  32.5 |      87 |       8 |   8.4
            +---------+---------+-------+---------+---------+-------
        D:1 |      51 |       0 |   0.0 |      29 |       0 |   0.0
        D:2 |      43 |       0 |   0.0 |      18 |       0 |   0.0
        D:3 |     118 |     135 |  53.4 |      17 |       6 |  26.1
        D:4 |     312 |       0 |   0.0 |      17 |       0 |   0.0
        D:5 |     132 |     241 |  64.6 |       4 |       2 |  33.3
        D:6 |     125 |       0 |   0.0 |       2 |       0 |   0.0
            +---------+---------+-------+---------+---------+-------
